 Dungeon Crawl Stone Soup version 0.31-a0-865-g3d5d91748a (webtiles) character file.

Game seed: 5287891982491202826

162 Getoffmy the Conjurer (level 5, -5/28 HPs)
             Began as a Deep Elf Conjurer on Oct 10, 2023.
             Slain by Crazy Yiuf
             ... wielding a +3 quarterstaff of chaos
              (10 damage)
             ... on level 3 of the Dungeon.
             The game lasted 00:09:13 (2954 turns).

Getoffmy the Conjurer (Deep Elf Conjurer)           Turns: 2954, Time: 00:09:14

Health: -5/28      AC:  5    Str:  4    XL:     5   Next: 19%
Magic:  8/13       EV: 12    Int: 25    God:
Gold:   108        SH:  0    Dex: 13    Spells: 9/12 levels left

rFire   . . .        b - +0 dagger
rCold   . . .        (no shield)
rNeg    . . .        a - +0 robe
rPois   .            j - +0 helmet
rElec   .            k - +1 cloak {rCorr}
rCorr   +            (no gloves)
SInv    .            (no boots)
Will    .....        (no amulet)
Stlth   ++           (no ring)
HPRegen 0.24/turn    (no ring)
MPRegen 0.13/turn

%: no passive effects
@: no status effects
A: no striking features
a: no special abilities


You were on level 3 of the Dungeon.
You visited 1 branch of the dungeon, and saw 3 of its levels.

You collected 108 gold pieces.

Inventory:

Hand Weapons
 b - a +0 dagger (weapon)
Missiles
 g - 12 stones
 p - 3 poisoned darts
Armour
 a - a +0 robe (worn)
 j - a +0 helmet (worn)
 k - a +1 cloak of preservation (worn)
Scrolls
 n - a scroll of teleportation
Potions
 c - 2 potions of curing
 e - a potion of might {unknown}
 h - 2 potions of mutation
 m - 2 potions of brilliance
 o - a potion of haste {unknown}


   Skills:
 + Level 0.0 Fighting
 - Level 2.4 Dodging
 - Level 4.0 Stealth
 + Level 4.4 Spellcasting
 * Level 6.0 Conjurations


You had 9 spell levels left.
You knew the following spells:

 Your Spells              Type           Power      Damage    Failure   Level
a - Magic Dart            Conj           100%       1d8       1%          1
b - Searing Ray           Conj           70%        2d7       1%          2

Your spell library contained the following spells:

 Spells                   Type           Power      Damage    Failure   Level
 Dazzling Flash           Conj/Hex       40%        N/A       8%          3
 Cigotuvi's Dreadful Rot  Necr/Pois/Air  10%        N/A       13%         2
 Call Canine Familiar     Summ           5%         N/A       26%         3
 Ignite Poison            Fire/Tmut/Pois 5%         N/A       26%         3
 Sigil of Binding         Hex            5%         N/A       26%         3
 Tukima's Dance           Hex            5%         N/A       26%         3
 Fulminant Prism          Conj/Hex       10%        3d8       26%         4
 Iskenderun's Mystic Bla  Conj/Tloc      20%        2d6       26%         4
 Dimensional Bullseye     Hex/Tloc       2%         N/A       65%         4
 Leda's Liquefaction      Hex/Erth       2%         N/A       65%         4
 Passage of Golubria      Tloc           5%         N/A       65%         4
 Freezing Cloud           Conj/Ice/Air   7%         6-21      71%         5
 Yara's Violent Unravell  Hex/Tmut       2%         3d3       94%         5


Dungeon Overview and Level Annotations

Branches:
Dungeon (3/15)

Altars:

Annotations:
D:3 Crazy Yiuf


Message History

You hear a loud clanging noise!
It was a scroll of noise.
As you read the scroll labelled NICZIU QIKEIF, it crumbles to dust.
You feel aware of your surroundings.
It was a scroll of revelation.
As you read the scroll labelled ANOGOSODEL, it crumbles to dust.
You hear the flapping of tiny wings.
It was a scroll of butterflies.
Your surroundings suddenly seem different.
You start waiting.
Done waiting.
There is an escape hatch in the floor here.
You see here a +0 hammer.
You see here a +0 hammer.
You see here a +0 hammer.
You see here a +0 hammer of protection.
You see here a +0 hammer.
You open the door.
Casting: Magic Dart (safe; 1% risk of failure)
Confirm with . or Enter, or press ? or * to list all spells.
Aiming: Searing Ray (safe; 1% risk of failure)
Press: ? - help, Shift-Dir - straight line, f - Crazy Yiuf
Aim: Crazy Yiuf, wielding a +3 quarterstaff of chaos and wearing a +0 cloak (wandering, hasn't noticed you, 83% to hit)
The searing ray hits Crazy Yiuf.
Crazy Yiuf is lightly wounded.
Crazy Yiuf shouts! (Press . to maintain the ray.)
The searing ray hits Crazy Yiuf.
Crazy Yiuf is moderately wounded.
Crazy Yiuf hits you with a +3 quarterstaff of chaos.
Crazy Yiuf burns you.
The searing ray hits Crazy Yiuf!
Crazy Yiuf is almost dead.
Crazy Yiuf hits you but does no damage.
You easily resist.
The searing ray misses Crazy Yiuf.
You finish channelling your searing ray.
Crazy Yiuf grits, "Announcement bush broken!"
Crazy Yiuf hits you but does no damage.
You are electrocuted!
Ouch! That really hurt!
* * * LOW HITPOINT WARNING * * *
Crazy Yiuf hits you with a +3 quarterstaff of chaos!
You die...

#.#####..##
#.####....######
#.##♣♣....♣♣####
#.##♣♣)..♣♣♣####
########.##♣♣♣)♣♣♣♣####
#.....<...#♣♣)♣♣♣♣♣♣###
*#.........#♣♣♣)♣♣♣♣♣###
,..........#♣♣♣)♣♣♣♣♣###
,..........#♣♣♣♣@♣♣♣♣###
*#.........##♣##g##♣♣###
*#.........##♣#)))#♣♣###
*..........#♣♣#)))#♣♣###*
*.........>#♣♣#).)#♣♣#..*
..####.....#♣♣#####♣##..*
.########.###♣♣♣♣♣♣♣##..*
#########.############..*
########..######.,,,,,,,*


You could see Crazy Yiuf.

Vanquished Creatures
  A hound (D:3)
  Robin (D:2)
  3 adders (D:2)
  2 worms
  5 dart slugs
  9 endoplasms
  3 giant cockroaches
  12 goblins
  10 hobgoblins
  5 quokkas
  3 ball pythons
  4 bats
  6 kobolds
  8 rats
72 creatures vanquished.

Notes
Turn   | Place    | Note
-------+----------+-------------------------------------------
     0 | D:1      | Getoffmy the Deep Elf Conjurer began the quest for the Orb.
     0 | D:1      | Reached XP level 1. HP: 10/10 MP: 6/6
   141 | D:1      | Reached XP level 2. HP: 12/15 MP: 6/8
   161 | D:1      | Learned a level 2 spell: Searing Ray
   876 | D:1      | Reached skill level 5 in Conjurations
   876 | D:1      | Reached XP level 3. HP: 19/19 MP: 6/10
  1238 | D:2      | Noticed Robin
  1242 | D:2      | Killed Robin
  1443 | D:2      | Reached XP level 4. HP: 24/24 MP: 7/11
  2171 | D:3      | Upgraded the game from 0.31-a0-859-g9dce7d3444 to
                  | 0.31-a0-865-g3d5d91748a
  2521 | D:3      | Reached XP level 5. HP: 22/28 MP: 1/13
  2547 | D:3      | Reached skill level 6 in Conjurations
  2762 | D:3      | Found a runed translucent door.
  2763 | D:3      | Noticed Crazy Yiuf
  2954 | D:3      | Slain by Crazy Yiuf

Illustrated notes

Levels and vault maps discovered:
D:1:      psy_arrival_statuary, layout_basic, minmay_pentomino_w4
D:2:      layout_basic, uniq_robin
D:3:      cheibrodos_old_hovel, layout_rooms, uniq_jessica,
          uniq_crazy_yiuf_cottage

Skill      XL: |  1  2  3  4  5 |
---------------+----------------+-----
Stealth        | 3 4 |  4.0
Conjurations   | 5 6 |  6.0
Spellcasting   | 4 |  4.4
Dodging        | |  2.4

Action                     |  1- 3 |  4- 6 || total
---------------------------+-------+-------++-------
  Melee: Unarmed           |     2 |       ||     2
         Dagger            |     1 |       ||     1
   Cast: Magic Dart        |    54 |    70 ||   124
         Searing Ray       |     5 |     3 ||     8
    Use: Potion            |     1 |       ||     1
         Scroll            |       |    10 ||    10
   Stab: Sleeping          |     1 |       ||     1
 Armour: Robe              |     9 |    16 ||    25
  Dodge: Dodged            |     9 |     9 ||    18

Table legend: (Time is in decaauts)
 A = Elapsed time spent in this place.
 B = Non-inter-level travel time spent in this place.
 C = Inter-level travel time spent in this place.
 D = Time resting spent in this place.
 E = Time spent auto-exploring this place.
 F = Levels seen in this place.
 G = Mean time per level.
                   A        B        C        D        E       F      G
               +--------+--------+--------+--------+--------+-----+--------+
         Total |   2952 |   2871 |     81 |    793 |   1494 |   3 |  984.0 |
       Dungeon |   2952 |   2871 |     81 |    793 |   1494 |   3 |  984.0 |
               +--------+--------+--------+--------+--------+-----+--------+

Top non-repeatable levels by time:
     D:1: 1237 daAuts
     D:2: 931 daAuts
     D:3: 783 daAuts
